 Dungeon Crawl Stone Soup version 0.21-a0-94-gdd6ab6a (webtiles) character file.

37969 MackTheKnife the Thaumaturge (level 13, -18/83 HPs)
             Began as a Deep Elf Conjurer on July 3, 2017.
             Was a High Priest of Sif Muna.
             Killed from afar by Ordine's ghost (57 damage)
             ... with an iron shot
             ... on level 6 of the Lair of Beasts.
             The game lasted 00:46:58 (23321 turns).

MackTheKnife the Thaumaturge (Deep Elf Conjurer)   Turns: 23321, Time: 00:46:59

Health: -18/83     AC:  8    Str:  7    XL:     13   Next: 61%
Magic:  29/32      EV: 22    Int: 26    God:    Sif Muna [*****.]
Gold:   946        SH:  7    Dex: 15    Spells: 21/39 levels left

rFire    + . .     SeeInvis .   E - +3 falchion (holy)
rCold    . . .     Gourm    .   U - +0 buckler
rNeg     . . .     Faith    .   F - +2 robe "Suviumar" {MR+ Str+2 Slay+3}
rPois    +         Spirit   .   (no helmet)
rElec    .         Reflect  +   B - +0 cloak
rCorr    .         Harm     .   K - +0 pair of gloves of Exclusion {rPois rF+}
MR       ++...                  s - +1 pair of boots
Stlth    ++........             P - +2 amulet of reflection
HPRegen  0.23/turn              T - +5 ring of evasion
MPRegen  0.23/turn              H - ring of poison resistance {rPois, !d}

@: divine energy
A: no striking features
a: Stop Divine Energy, Channel Magic, Forget Spell, Renounce Religion


You were on level 6 of the Lair of Beasts.
You worshipped Sif Muna.
Sif Muna was extremely pleased with you.
You were not hungry.

You visited 2 branches of the dungeon, and saw 16 of its levels.

You collected 1138 gold pieces.
You spent 192 gold pieces at shops.

Inventory:

Hand Weapons
 E - a +3 falchion of holy wrath (weapon)
   (You took it off an orc on level 6 of the Dungeon)
Armour
 e - +0 steam dragon scales
   (You found it on level 6 of the Lair of Beasts)
 s - a +1 pair of boots (worn)
   (You found it on level 6 of the Lair of Beasts)
 B - a +0 cloak (worn)
   (You found it on level 6 of the Dungeon)
 F - the +2 robe "Suviumar" (worn) {MR+ Str+2 Slay+3}
   (You found it on level 7 of the Dungeon)

   It affects your strength (+2).
   It affects your accuracy and damage with ranged weapons and melee attacks
   (+3).
   It affects your resistance to hostile enchantments.
 K - the +0 pair of gloves of Exclusion (worn) {rPois rF+}
   (You acquired it on level 6 of the Lair of Beasts)

   It protects you from fire.
   It protects you from poison.
 U - a +0 buckler (worn)
   (You found it on level 1 of the Lair of Beasts)
Magical Staves
 O - an uncursed staff of wizardry {wiz+, !a}
   (You found it on level 10 of the Dungeon)
Jewellery
 w - an uncursed ring of wizardry {Wiz+, !d}
   (You found it on level 4 of the Dungeon)
 H - a ring of poison resistance (right hand) {rPois, !d}
   (You found it on level 7 of the Dungeon)
 M - an uncursed ring of flight {+Fly, !d}
   (You found it on level 10 of the Dungeon)
 P - a +2 amulet of reflection (around neck)
   (You found it on level 10 of the Dungeon)
 R - an uncursed ring of fire {rF+, rC-}
   (You found it on level 1 of the Lair of Beasts)
 T - a +5 ring of evasion (left hand)
   (You found it on level 1 of the Lair of Beasts)
Wands
 i - a wand of disintegration (13/24)
   (You found it on level 8 of the Dungeon)
 t - a wand of polymorph (16/24)
   (You found it on level 3 of the Dungeon)
 C - a wand of lightning (4/15)
   (You found it on level 6 of the Dungeon)
 S - a wand of iceblast (0/15)
   (You found it on level 3 of the Lair of Beasts)
Scrolls
 a - a scroll of enchant weapon
 g - a scroll of blinking {!r}
 j - 4 scrolls of amnesia
 y - 6 scrolls of remove curse
 D - 4 scrolls of recharging
 Q - a scroll of enchant armour
 W - a scroll of fog
Potions
 h - a potion of ambrosia
 k - a potion of resistance
 l - 3 potions of curing
 o - 3 potions of agility
 p - a potion of haste
 r - 4 potions of lignification {!q}
 u - a potion of cancellation {unknown}
 x - 3 potions of brilliance
 z - 9 potions of heal wounds
 G - 4 potions of flight
 I - 2 potions of magic
 N - a potion of might
 X - a potion of mutation {!q}
Books
 b - a book of Conjurations
 q - a book of Debilitation
   (You found it on level 9 of the Dungeon)
 A - a book of Alchemy
   (Sif Muna gifted it to you on level 3 of the Lair of Beasts)
 J - a book of Necromancy
   (You found it on level 8 of the Dungeon)
 V - a book of Maledictions
   (You found it on level 3 of the Lair of Beasts)
Comestibles
 c - 7 bread rations {@e1}
 d - 11 meat rations {@e2}
 m - 16 royal jellies
 n - 31 fruits


   Skills:
 - Level 10.4 Fighting
 - Level 8.0 Dodging
 - Level 2.4 Stealth
 - Level 4.4 Shields
 + Level 13.5 Spellcasting
 + Level 11.3 Conjurations
 - Level 5.0 Hexes
 - Level 4.8 Charms
 - Level 8.4 Necromancy
 - Level 9.0 Invocations


You had 21 spell levels left.
You knew the following spells:

 Your Spells              Type           Power        Failure   Level  Hunger
a - Searing Ray           Conj           ######       1%          2    None
b - Cause Fear            Hex            #####.....   4%          4    None
r - Regeneration          Chrm/Necr      ######....   1%          3    None
x - Iskenderun's Mystic   Conj           ######..     1%          4    None
z - Magic Dart            Conj           ####         1%          1    None
A - Animate Dead          Necr           N/A          1%          4    None


Dungeon Overview and Level Annotations

Branches:
Dungeon (10/15)            Temple (0/1) D:7            Lair (6/6) D:8
 Shoals (0/4) Lair:3       Spider (0/4) Lair:2        Slime (0/5) Lair:5
    Orc: D:9-12

Altars:
Gozag
Kikubaaqudgha
Nemelex Xobeh
Okawaru
Qazlal
Ru
Sif Muna
Vehumet
Wu Jian
Xom

Shops:
D:8 !

Annotations:
D:4 rexbael's ghost, amateur BaHu
D:9 1 runed door
Lair:1 exclusions: hydra and 3 oklob plants
Lair:5 exclusion: 2 oklob plants
Lair:6 2 runed doors, Ordine's ghost, journeyman DEWz


Message History

You take 3 damage, and have 58/83 hp.
Aim: a black mamba (steam, almost dead)
The orb of energy hits the black mamba.
You kill the black mamba!
Sif Muna accepts your kill.
The orb of energy explodes!
The mystic blast hits the komodo dragon.
The mystic blast hits the komodo dragon zombie.
You now have 14/32 mp.
Aim: a komodo dragon zombie (steam, heavily damaged)
The orb of energy hits the komodo dragon zombie.
The komodo dragon zombie is engulfed in a cloud of scalding steam.
The komodo dragon zombie misses you.
You now have 10/32 mp.
Aim: a komodo dragon zombie (almost destroyed)
The orb of energy hits the komodo dragon zombie.
You destroy the komodo dragon zombie!
The steam dragon misses you. The steam dragon completely misses you.
The komodo dragon is engulfed in a cloud of scalding steam.
You now have 6/32 mp.
Aim: a steam dragon (lightly wounded, catching its breath)
The orb of energy hits the steam dragon.
The orb of energy explodes!
The mystic blast hits the komodo dragon.
The steam dragon barely misses you.
You riposte.
You hit the steam dragon. The steam dragon claws you.
The komodo dragon bites you!
You take 21 damage, and have 38/83 hp.
MASSIVE DAMAGE!!
You now have 2/32 mp.
You see here 8 bolts.
There is a stone staircase leading up, spattered with blood here.
The steam dragon bites you but does no damage.
The steam dragon claws you.
You climb upwards.
Level annotation: exclusion: 2 oklob plants
There is a stone staircase leading down here.
You take 3 damage, and have 37/83 hp.
Aim: a steam dragon (lightly wounded)
The orb of energy hits the steam dragon.
The orb of energy explodes!
The mystic blast hits the fungus.
The steam dragon bites you. The steam dragon misses you.
You take 4 damage, and have 33/83 hp.
You now have 1/32 mp.
Aim: a steam dragon (severely wounded)
The orb of energy hits the steam dragon.
You kill the steam dragon!
Sif Muna accepts your kill. Sif Muna grants you divine energy.
You briefly lose access to your magic!
You now have 0/32 mp.
You start resting.
You regain access to your magic.
Unknown command.
You start resting.
Eating one of 2 chunks of flesh {@w0}.
You eat one of the 2 chunks of flesh {@w0}.
All of the chunks of flesh in your inventory have rotted away.
A bullfrog comes into view.
You regained 35 hp, and now have 68/83 hp.
MP restored: 32
There is a stone staircase leading down, spattered with blood here.
Aim: a bullfrog (hasn't noticed you)
The orb of energy hits the bullfrog.
You kill the bullfrog!
Sif Muna accepts your kill.
The orb of energy explodes!
You now have 28/32 mp.
You can't see any susceptible monsters within range! (Use Z to cast anyway.) Unknown command.
Unknown command.
Okay, then.
You see here a blowgun.
There is a stone staircase leading down here.
You regained 9 hp, and now have 81/83 hp.
MP restored: 32 You climb downwards.
Level annotation: 2 runed doors, Ordine's ghost, journeyman DEWz
There is a stone staircase leading up here.
You see here a short sword.
Ordine's ghost turns its malevolent gaze towards you.
Ordine's ghost is too close now for your liking.
Health restored: 83 Ordine's ghost is nearby!
Aim: Ordine's ghost, wielding a vampiric weapon (chance to defeat MR: 2%)
Okay, then.
Aim: Ordine's ghost, wielding a vampiric weapon (chance to defeat MR: 10%)
Okay, then.
Unknown command.
Okay, then.
Unknown command.
Aim: Ordine's ghost, wielding a vampiric weapon The orb of energy hits Ordine's ghost.
Ordine's ghost gestures at you while chanting.
The iron shot hits you!
Ouch! That really hurt!
You take 45 damage, and have 38/83 hp.
MASSIVE DAMAGE!!
You now have 28/32 mp.
Ordine's ghost points at you and mumbles some strange words.
The iron shot hits you!
Ouch! That really hurt!
You die...

....###
#.$..##.....
..### W#..#......
### ..........
......... ###
#........
#.######W.......
##...#...P.......
#......#........#
#....@###.......#
##.....##..#..###
#)....##.#...# #
##<........### Ť
#.....P[..# ###
#........## .(##
##......## .$$#
#.....#.# ..$#
#......##


You could see Ordine's ghost.

Vanquished Creatures
  Harold (D:10)
  3 hydras
  5 two-headed ogres
  Urug (Lair:5)
  The ghost of Banto the Spear-Bearer, a novice DsSk of Kikubaaqudgha (D:9)
  A lindwurm (Lair:6)
  A faun (Lair:1)
  4 black mambas
  A torpor snail (Lair:6)
  3 spiny frogs (Lair:4)
  A rime drake (Lair:5)
  4 komodo dragons
  A troll (D:9)
  A hornet (D:9)
  A snapping turtle (Lair:3)
  4 dream sheep (Lair:6)
  4 hippogriffs
  Sigmund (D:5)
  A vampire (D:9)
  A human (D:9)
  64 yaks
  A wyvern (Lair:3)
  3 hogs (D:9)
  4 basilisks
  2 steam dragons
  2 hungry ghosts
  8 water moccasins
  A soldier ant (D:10)
  2 hell hounds (Lair:6)
  7 porcupines
  An orc warrior (D:7)
  5 sky beasts
  An ice beast (D:8)
  2 necrophages (Lair:2)
  4 phantoms
  20 wolves
  4 centaurs
  6 ogres
  12 crocodiles
  A big kobold (D:2)
  13 bullfrogs
  A gnoll sergeant (D:7)
  A wyvern skeleton (D:10)
  5 scorpions
  5 killer bees
  A water moccasin skeleton (D:8)
  3 wights (D:6)
  2 howler monkeys (D:8)
  7 crimson imps
  A quasit (D:7)
  2 hounds
  2 jellies (D:10)
  2 orc priests (D:8)
  2 bullfrog skeletons
  5 orc wizards
  Jessica (D:2)
  4 iguanas
  5 hell rats
  8 worker ants
  A killer bee zombie (D:4)
  A hound skeleton (D:7)
  2 worker ant zombies
  A howler monkey zombie (D:7)
  15 adders
  15 gnolls
  3 shadow imps
  An ooze (D:3)
  An adder zombie (D:7)
  5 worms
  3 adder skeletons
  2 dart slugs
  3 leopard geckos
  43 orcs
  6 giant cockroaches
  13 goblins
  10 hobgoblins
  18 jackals
  5 quokkas
  2 ball pythons (D:1)
  5 bats
  6 frilled lizards
  11 kobolds
  A leopard gecko skeleton (D:7)
  7 rats
  A fungus (Lair:3)
  A plant (Lair:1)
442 creatures vanquished.

Vanquished Creatures (collateral kills)
  A hydra (Lair:6)
  3 oklob plants (Lair:6)
  2 spiny frogs
  A rime drake (Lair:5)
  A komodo dragon (Lair:6)
  13 yaks
  A water moccasin (Lair:4)
  A hell hound (Lair:6)
  3 necrophages (Lair:2)
  A crocodile (Lair:2)
  A bullfrog (Lair:3)
  4 fungi
32 creatures vanquished.

Vanquished Creatures (others)
  6 bushes
  15 fungi
  29 plants
50 creatures vanquished.

Grand Total: 524 creatures vanquished

Notes
Turn   | Place    | Note
-------+----------+-------------------------------------------
     0 | D:1      | MackTheKnife the Deep Elf Conjurer began the quest for the Orb.
     0 | D:1      | Reached XP level 1. HP: 10/10 MP: 6/6
   484 | D:1      | Reached XP level 2. HP: 15/15 MP: 2/8
   627 | D:1      | Learned a level 2 spell: Searing Ray
  1088 | D:2      | Reached skill level 5 in Conjurations
  1335 | D:2      | Reached skill level 4 in Spellcasting
  1335 | D:2      | Reached XP level 3. HP: 19/19 MP: 5/10
  1837 | D:2      | Noticed Jessica
  1838 | D:2      | Killed Jessica
  1838 | D:2      | Reached XP level 4. HP: 23/24 MP: 5/12
  1933 | D:2      | Learned a level 4 spell: Iskenderun's Mystic Blast
  2280 | D:2      | Noticed a big kobold
  2285 | D:2      | Killed a big kobold
  2285 | D:2      | Reached skill level 5 in Spellcasting
  2285 | D:2      | Reached skill level 6 in Conjurations
  2285 | D:2      | Reached XP level 5. HP: 24/28 MP: 1/14
  2633 | D:2      | Found a deep blue altar of Sif Muna.
  2642 | D:2      | Became a worshipper of Sif Muna the Loreminder
  2946 | D:3      | Reached skill level 6 in Spellcasting
  3277 | D:3      | Reached XP level 6. HP: 30/32 MP: 6/17
  3389 | D:3      | Noticed an air elemental
  3394 | D:3      | Noticed a water elemental
  3395 | D:3      | Found a stormy altar of Qazlal.
  3404 | D:3      | Noticed a fire elemental
  3516 | D:3      | Found an ornate altar of the Wu Jian Council.
  3661 | D:4      | Noticed rexbael's ghost (amateur BaHu)
  4125 | D:4      | HP: 8/32 [killer bee zombie (5)]
  4130 | D:4      | Reached * piety under Sif Muna
  4494 | D:4      | Reached skill level 7 in Conjurations
  4516 | D:4      | Reached skill level 7 in Spellcasting
  4924 | D:5      | Entered Level 5 of the Dungeon
  4934 | D:5      | Reached XP level 7. HP: 36/36 MP: 14/19
  5079 | D:5      | Reached skill level 3 in Dodging
  5088 | D:5      | Reached skill level 1 in Fighting
  5096 | D:5      | HP: 9/38 [gnoll/spear (4)]
  5495 | D:5      | Reached skill level 4 in Dodging
  5605 | D:5      | Noticed Sigmund
  5613 | D:5      | Killed Sigmund
  5613 | D:5      | Reached skill level 2 in Fighting
  5702 | D:5      | Found an ancient bone altar of Kikubaaqudgha.
  5793 | D:5      | Reached skill level 5 in Dodging
  6114 | D:5      | Reached skill level 3 in Fighting
  6114 | D:5      | Reached XP level 8. HP: 46/46 MP: 5/20
  6464 | D:6      | Reached skill level 6 in Dodging
  7242 | D:6      | Reached ** piety under Sif Muna
  7335 | D:7      | Found a staircase to the Ecumenical Temple.
  7336 | D:7      | Found a sparkling altar of Nemelex Xobeh.
  7398 | D:7      | Reached skill level 8 in Conjurations
  7402 | D:7      | Reached skill level 8 in Spellcasting
  7839 | D:7      | Reached skill level 9 in Conjurations
  8145 | D:7      | Got a jewelled whip
  8147 | D:7      | Identified the cursed +1 whip of Guch {freeze, rF- rN+ Stlth+} (You found it on level 7 of the Dungeon)
  8149 | D:7      | Reached XP level 9. HP: 51/51 MP: 11/23
  8249 | D:7      | Reached skill level 9 in Spellcasting
  8354 | D:7      | Got a steaming robe
  8375 | D:7      | Identified the +2 robe "Suviumar" {MR+ Str+2 Slay+3} (You found it on level 7 of the Dungeon)
  8430 | D:7      | Reached skill level 10 in Conjurations
  8434 | D:7      | Reached *** piety under Sif Muna
  8704 | D:7      | Found an opulent altar of Gozag.
  8926 | D:8      | Found a sacrificial altar of Ru.
  9368 | D:8      | Reached skill level 10 in Spellcasting
  9475 | D:8      | Reached skill level 4 in Fighting
  9670 | D:8      | Reached skill level 5 in Fighting
  9856 | D:8      | Found a radiant altar of Vehumet.
  9938 | D:8      | Reached XP level 10. HP: 59/59 MP: 16/26
  9989 | D:8      | Reached skill level 6 in Fighting
 10038 | D:8      | Found a staircase to the Lair.
 10276 | D:8      | Found Cumergh's Distillery.
 10280 | D:8      | Bought a potion of curing for 36 gold pieces
 10280 | D:8      | Bought a potion of heal wounds for 60 gold pieces
 10280 | D:8      | Bought a potion of magic for 96 gold pieces
 10414 | D:9      | Noticed a two-headed ogre
 10580 | D:9      | Killed a two-headed ogre
 10580 | D:9      | Reached skill level 7 in Fighting
 10681 | D:9      | Noticed Banto's ghost (novice DsSk)
 10714 | D:9      | Killed Banto's ghost
 10714 | D:9      | Reached skill level 8 in Fighting
 11036 | D:9      | Found a runed door.
 11055 | D:9      | Got a spiked leather armour
 11056 | D:9      | Identified the cursed +1 leather armour "Gant" {rF+} (You found it on level 9 of the Dungeon)
 11081 | D:9      | Found a runed door.
 11331 | D:9      | Reached skill level 9 in Fighting
 11465 | D:9      | Found an iron altar of Okawaru.
 11550 | D:9      | Noticed a two-headed ogre
 11559 | D:9      | Killed a two-headed ogre
 11559 | D:9      | Reached XP level 11. HP: 71/71 MP: 10/27
 11564 | D:9      | Noticed a two-headed ogre
 11584 | D:9      | Killed a two-headed ogre
 11825 | D:9      | Noticed a two-headed ogre
 11842 | D:9      | Killed a two-headed ogre
 11842 | D:9      | Reached skill level 10 in Fighting
 12155 | D:9      | Learned a level 3 spell: Regeneration
 12160 | D:9      | Learned a level 4 spell: Animate Dead
 12214 | D:9      | Reached skill level 1 in Necromancy
 12438 | D:10     | Entered Level 10 of the Dungeon
 12441 | D:10     | Noticed a two-headed ogre
 12449 | D:10     | Killed a two-headed ogre
 12449 | D:10     | Reached **** piety under Sif Muna
 12449 | D:10     | Reached skill level 2 in Necromancy
 12449 | D:10     | Reached skill level 3 in Necromancy
 12765 | D:10     | Reached skill level 4 in Necromancy
 12953 | D:10     | Noticed Harold
 12957 | D:10     | Reached skill level 11 in Spellcasting
 13023 | D:10     | Killed Harold
 13023 | D:10     | Reached skill level 5 in Necromancy
 13453 | Lair:1   | Entered Level 1 of the Lair of Beasts
 13672 | Lair:1   | HP: 18/73 [yak (5)]
 13925 | Lair:1   | Reached skill level 6 in Necromancy
 13930 | Lair:1   | Reached skill level 12 in Spellcasting
 14201 | Lair:1   | Noticed an oklob plant
 14201 | Lair:1   | Noticed an oklob plant
 14201 | Lair:1   | Noticed a seven-headed hydra
 14201 | Lair:1   | Noticed an oklob plant
 14281 | Lair:1   | Reached skill level 7 in Necromancy
 14466 | Lair:1   | Reached XP level 12. HP: 78/78 MP: 21/30
 14623 | Lair:1   | Reached ***** piety under Sif Muna
 14667 | Lair:1   | Killed a seven-headed hydra
 14914 | Lair:1   | Reached skill level 8 in Necromancy
 15016 | Lair:2   | Reached skill level 13 in Spellcasting
 15262 | Lair:2   | Reached skill level 7 in Dodging
 15651 | Lair:2   | Found a hole to the Spider Nest.
 15934 | Lair:2   | Reached skill level 8 in Dodging
 15940 | Lair:2   | Learned a level 4 spell: Cause Fear
 16130 | Lair:3   | Received a gift from Sif Muna
 16130 | Lair:3   | Reached skill level 1 in Hexes
 16130 | Lair:3   | Reached skill level 1 in Charms
 16133 | Lair:3   | Reached skill level 2 in Hexes
 16152 | Lair:3   | Reached skill level 2 in Charms
 16325 | Lair:3   | Reached skill level 3 in Hexes
 16325 | Lair:3   | Reached skill level 3 in Charms
 16510 | Lair:3   | Reached skill level 4 in Hexes
 16510 | Lair:3   | Reached skill level 4 in Charms
 17008 | Lair:3   | Found a staircase to the Shoals.
 17030 | Lair:3   | HP: 15/78 [snapping turtle (17)]
 17156 | Lair:3   | Reached skill level 5 in Hexes
 17464 | Lair:4   | Reached skill level 1 in Invocations
 17517 | Lair:4   | Reached skill level 2 in Invocations
 17725 | Lair:4   | Reached skill level 3 in Invocations
 17980 | Lair:4   | Reached skill level 4 in Invocations
 18132 | Lair:4   | Found a shimmering altar of Xom.
 18161 | Lair:4   | Reached skill level 5 in Invocations
 18421 | Lair:5   | Noticed a five-headed hydra
 18732 | Lair:4   | Reached skill level 6 in Invocations
 19034 | Lair:5   | Killed a five-headed hydra
 19034 | Lair:5   | Reached XP level 13. HP: 77/83 MP: 11/32
 19104 | Lair:5   | Noticed Urug
 19177 | Lair:5   | Reached skill level 7 in Invocations
 19908 | Lair:5   | Reached skill level 8 in Invocations
 20206 | Lair:5   | Killed Urug
 20647 | Lair:5   | Reached skill level 9 in Invocations
 20890 | Lair:6   | Entered Level 6 of the Lair of Beasts
 20894 | Lair:6   | Identified a scroll of acquirement
 20895 | Lair:6   | Got a pair of spiked gloves
 20906 | Lair:6   | Identified the +0 pair of gloves of Exclusion {rPois rF+} (You acquired it on level 6 of the Lair of Beasts)
 20986 | Lair:6   | HP: 16/83 [five-headed hydra (10)]
 20989 | Lair:6   | Reached skill level 1 in Shields
 21296 | Lair:6   | Reached skill level 2 in Shields
 21730 | Lair:6   | Reached skill level 3 in Shields
 22214 | Lair:6   | Reached skill level 4 in Shields
 22487 | Lair:6   | Noticed Ordine's ghost (journeyman DEWz)
 22502 | Lair:6   | Found a large runed door.
 22502 | Lair:6   | Found a large runed door.
 22502 | Lair:6   | Noticed a fire dragon
 22517 | Lair:5   | Reached skill level 11 in Conjurations
 23321 | Lair:6   | Killed from afar by Ordine's ghost

Vault maps used:
D:1:      eino_arrival_druids_welcome, kennysheep_flooded_box
D:2:      minmay_misc_feat_columns, kennysheep_another_room, led_sif_pool,
          uniq_jessica
D:3:      lemuel_doored_altar, nicolae_qazlal_style_of_elements, first_bread
D:5:      kiku_gazebo_pond_becter, uniq_sigmund
D:6:      corexii_shantytown, serial_curves, eino_curves_04, eino_curves_04
D:7:      kennysheep_windowed_halls, marbit_many_paths,
          nemelex_xobeh_ov_fountains_minmay, minmay_temple_entry_poolview
D:8:      nicolae_ru_sacrificial_ziggurat, minmay_lair_entry_grove,
          serial_shops, kennysheep_mini_moat, basic_altar
D:9:      cheibrodos_histonic, kennysheep_okawaru_gauntlet, grunt_livestock,
          st_stairs_9
D:10:     uniq_harold
Lair:1:   grunt_forest_large_clearings, lemuel_fruit_tree,
          minmay_lair_oklob_chamber
Lair:2:   dummy_spider_entry, roderic_carrion_pond, infiniplex_staircase_pool
Lair:3:   minmay_shoals_entry_hut
Lair:4:   basic_altar
Lair:5:   minmay_slime_entry_oklob_enclosed, lab_entry_generic, uniq_urug
Lair:6:   cheibrodos_lair_end_hotspot, dpeg_oklob_1

Skill      XL: |  1  2  3  4  5  6  7  8  9 10 11 12 13 |
---------------+----------------------------------------+-----
Conjurations   | 5 6 7 9 10 11 | 11.3
Spellcasting   | 4 5 6 7 8 10 12 13 | 13.5
Dodging        | 5 6 8 |  8.0
Fighting       | 3 5 9 10 | 10.4
Necromancy     | 7 8 |  8.4
Hexes          | 5 |  5.0
Charms         | 4 |  4.8
Invocations    | 6 9 |  9.0
Shields        | 4 |  4.4
Stealth        | |  2.4

Action                   |  1- 3 |  4- 6 |  7- 9 | 10-12 | 13-15 || total
-------------------------+-------+-------+-------+-------+-------++-------
Melee: Dagger            |     8 |     4 |       |       |       ||    12
       Flail             |       |     8 |       |       |       ||     8
       Mace              |       |    50 |    44 |       |       ||    94
       Falchion          |       |       |    57 |   143 |    50 ||   250
 Cast: Magic Dart        |    71 |    87 |    67 |    12 |     2 ||   239
       Searing Ray       |     2 |     4 |     3 |    15 |     4 ||    28
       Iskenderun's Myst |       |    29 |   134 |   283 |   141 ||   587
       Animate Dead      |       |       |       |    12 |     7 ||    19
       Regeneration      |       |       |       |     2 |       ||     2
Invok: Divine Energy     |       |     1 |       |       |       ||     1
Evoke: Wand              |       |       |       |     4 |     2 ||     6
  Use: Scroll            |       |     8 |     8 |    11 |     9 ||    36
       Potion            |       |       |     1 |       |       ||     1
 Stab: Sleeping          |       |     2 |     3 |     1 |       ||     6
  Eat: Chunk             |     2 |    14 |    18 |    30 |     9 ||    73
       Bread ration      |       |       |     1 |       |     1 ||     2
Armor: Robe              |     9 |    16 |    43 |    44 |     7 ||   119
       Skin              |       |       |     3 |       |       ||     3
Dodge: Dodged            |    23 |    87 |   141 |   239 |   133 ||   623
Block: Other             |       |       |       |    12 |     6 ||    18
       Reflection        |       |       |       |     1 |       ||     1
       Buckler           |       |       |       |       |    11 ||    11
       Rpst.: Falchion   |       |       |    19 |    76 |    29 ||   124

Vault maps used:
D:1:      eino_arrival_druids_welcome, kennysheep_flooded_box
D:2:      minmay_misc_feat_columns, kennysheep_another_room, led_sif_pool,
          uniq_jessica
D:3:      lemuel_doored_altar, nicolae_qazlal_style_of_elements, first_bread
D:5:      kiku_gazebo_pond_becter, uniq_sigmund
D:6:      corexii_shantytown, serial_curves, eino_curves_04, eino_curves_04
D:7:      kennysheep_windowed_halls, marbit_many_paths,
          nemelex_xobeh_ov_fountains_minmay, minmay_temple_entry_poolview
D:8:      nicolae_ru_sacrificial_ziggurat, minmay_lair_entry_grove,
          serial_shops, kennysheep_mini_moat, basic_altar
D:9:      cheibrodos_histonic, kennysheep_okawaru_gauntlet, grunt_livestock,
          st_stairs_9
D:10:     uniq_harold
Lair:1:   grunt_forest_large_clearings, lemuel_fruit_tree,
          minmay_lair_oklob_chamber
Lair:2:   dummy_spider_entry, roderic_carrion_pond, infiniplex_staircase_pool
Lair:3:   minmay_shoals_entry_hut
Lair:4:   basic_altar
Lair:5:   minmay_slime_entry_oklob_enclosed, lab_entry_generic, uniq_urug
Lair:6:   cheibrodos_lair_end_hotspot, dpeg_oklob_1

Table legend:
 A = Turns spent in this place as a percentage of turns spent in the entire game.
 B = Non-inter-level travel turns spent in this place as a percentage of non-inter-level travel turns spent in the entire game.
 C = Inter-level travel turns spent in this place as a percentage of turns spent in this place.
 D = Turns resting spent in this place as a percentage of non-inter-level travel turns spent in this place.
 E = Turns spent auto-exploring this place as a percentage of non-inter-level travel turns spent in this place.
 F = Non-inter-level travel turns spent in this place divided by the number of levels of this place that you've seen.
                   A       B       C       D       E      F
               +-------+-------+-------+-------+-------+----------------------
         Total | 100.0 | 100.0 |   0.7 |   6.8 |  10.5 | 285.6
       Dungeon |  56.8 |  56.8 |   0.7 |   7.6 |  12.8 | 259.6
          Lair |  43.2 |  43.2 |   0.7 |   5.8 |   7.5 | 329.0
               +-------+-------+-------+-------+-------+----------------------

Table legend:
 A = Kills in this place as a percentage of kills in entire the game.
 B = Kills by you in this place as a percentage of kills by you in the entire game.
 C = Kills by friends in this place as a percentage of kills by friends in the entire game.
 D = Other kills in this place as a percentage of other kills in the entire game.
 E = Experience gained in this place as a percentage of experience gained in the entire game.
 F = Experience gained in this place divided by the number of levels of this place that you have seen.
                   A       B       C       D       E      F
               +-------+-------+-------+-------+-------+----------------------
         Total | 100.0 | 100.0 | 100.0 |  -nan | 100.0 | 3390.1
       Dungeon |  62.6 |  66.6 |   0.0 |  -nan |  34.3 | 1861.4
          Lair |  37.4 |  33.4 | 100.0 |  -nan |  65.7 | 5938.0
               +-------+-------+-------+-------+-------+----------------------
